 Dungeon Crawl Stone Soup version 0.26-a0-812-g31a745ddcd (webtiles) character file.

Game seed: 8631553527043689033

14 dracos369 the Skirmisher (level 2, 0/24 HPs)
             Began as a Demonspawn Wanderer on Nov 19, 2020.
             Slain by a jackal (3 damage)
             ... on level 1 of the Dungeon.
             The game lasted 00:01:40 (198 turns).

dracos369 the Skirmisher (Demonspawn Wanderer)       Turns: 198, Time: 00:01:40

Health: 0/24       AC:  5    Str: 12    XL:     2   Next: 27%
Magic:  2/2        EV: 10    Int: 10    God:
Gold:   15         SH:  0    Dex: 15    Spells: 1/1 levels left

rFire    . . .     SeeInvis .   b - +0 dagger
rCold    . . .     Faith    .   (no shield)
rNeg     . . .     Spirit   .   d - +0 ring mail
rPois    .         Reflect  .   (no helmet)
rElec    .         Harm     .   (no cloak)
rCorr    .         Rampage  .   (no gloves)
MR       .....                  (no boots)
Stlth    +.........             (no amulet)
HPRegen  0.08/turn              (no ring)
MPRegen  0.08/turn              (no ring)

@: no status effects
A: demonic guardian 1
a: no special abilities


You were on level 1 of the Dungeon.
You visited 1 branch of the dungeon, and saw 1 of its levels.

You collected 15 gold pieces.

Inventory:

Hand Weapons
 a - a +2 hand crossbow
 b - a +0 dagger (weapon)
Missiles
 e - 16 bolts
Armour
 d - a +0 ring mail (worn)
Scrolls
 g - a scroll of enchant weapon {unknown}
 h - a scroll of remove curse {unknown}
Potions
 c - a potion of curing
 f - a potion of heal wounds {unknown}


   Skills:
 * Level 3.3 Fighting
   Level 1.0 Maces & Flails
 + Level 2.0 Crossbows
 + Level 2.0 Armour
 + Level 2.0 Stealth


You had one spell level left.
You didn't know any spells.
Your spell library was empty.

Dungeon Overview and Level Annotations

Branches:
Dungeon (1/15)

Altars:


Innate Abilities, Weirdness & Mutations

A weak demonic guardian rushes to your aid.


Message History

You hit the jackal.
The jackal is lightly wounded.
The jackal closely misses you. The jackal bites you.
* * * LOW HITPOINT WARNING * * *
You hit the jackal.
The jackal is moderately wounded.
The jackal closely misses you.
You hit the jackal but do no damage.
The jackal is moderately wounded.
The jackal bites you but does no damage.
You barely miss the jackal.
The jackal is moderately wounded.
The jackal closely misses you. The jackal barely misses you.
You hit the jackal but do no damage.
The jackal is moderately wounded.
The jackal misses you.
You hit the jackal but do no damage.
The jackal is moderately wounded.
The jackal completely misses you. The jackal bites you.
You die...

#......##............##
#......##..............
#.##..#######.##.......
#......# #..#..........
#......#######.#..............
####.#.##..# #†......#.. .....
#......##..# #....###.. ....# #
#......##..###.#......###...#..
#<...####....#@##........g...#
#......##..#.#h#.....###(....##
#......##.....g...#..##...#....
#.##.####......#........#.# ...
#......##.............##..# #..
#......##....>............###..
##.#.#.##.............#....##..
#......##..............#.#.#...
#(.....######........>.....(.#.


You could see a jackal and a hobgoblin.

Vanquished Creatures
  A giant cockroach (D:1)
  3 hobgoblins (D:1)
  2 jackals (D:1)
  A kobold (D:1)
  2 frilled lizards (D:1)
  4 rats (D:1)
13 creatures vanquished.

Notes
Turn   | Place    | Note
-------+----------+-------------------------------------------
     0 | D:1      | dracos369 the Demonspawn Wanderer began the quest for the
                  | Orb.
     0 | D:1      | dracos369 set off with the following items: a +2 hand
                  | crossbow, 27 bolts, a potion of curing, a +0 ring mail, a
                  | +0 dagger
     0 | D:1      | Reached XP level 1. HP: 18/18 MP: 1/1
   144 | D:1      | Gained mutation: A weak demonic guardian rushes to your
                  | aid. [demonic ancestry]
   144 | D:1      | Reached XP level 2. HP: 24/24 MP: 2/2
   198 | D:1      | Slain by a jackal

Illustrated notes

Levels and vault maps discovered:
D:1:      dpeg_arrival_ternary, layout_rooms

Skill      XL: |  1  2 |
---------------+-------+-----
Stealth        | 2 |  2.0
Crossbows      | 2 |  2.0
Armour         | 2 |  2.0
Fighting       | |  3.3
Maces & Flails | |  1.0

Action                   || total
-------------------------++-------
Melee: Dagger            ||    32
 Fire: Hand crossbow     ||    20
Armor: Ring mail         ||    17
Dodge: Dodged            ||    40

Table legend: (Time is in decaauts)
 A = Elapsed time spent in this place.
 B = Non-inter-level travel time spent in this place.
 C = Inter-level travel time spent in this place.
 D = Time resting spent in this place.
 E = Time spent auto-exploring this place.
 F = Levels seen in this place.
 G = Mean time per level.
                   A        B        C        D        E       F      G
               +--------+--------+--------+--------+--------+-----+--------+
         Total |    204 |    204 |      0 |      0 |    104 |   1 |  204.0 |
       Dungeon |    204 |    204 |      0 |      0 |    104 |   1 |  204.0 |
               +--------+--------+--------+--------+--------+-----+--------+

Top non-repeatable levels by time:
     D:1: 204 daAuts
